Map: Ley Lines

Players

ShoWTimE

  • Race: Protoss Protoss
  • Spawn Location: 1:00

Cure - Winner!

  • Race: Terran Terran
  • Spawn Location: 7:00

Event: Esports World Cup 2025

VOD

Have the link to the VOD?

Description

Time

  • Played on: July 22, 2025, 1 p.m.
  • Length: 4:33

All games in this series

Show
View Real Time Build Order
Export as new Build Order

ShoWTimE Protoss 

Build Orders: 1 Gate Expand 

Get SALT Encoding   

  12  0:00  Probe  
  13  0:12  Probe  
  14  0:16  Pylon  
  14  0:23  Probe  
  15  0:31  Probe  
  16  0:36  Gateway  
  16  0:39  Probe  
  16  0:45  Assimilator  
  17  0:51  Probe  
  18  1:03  Probe  
  19  1:15  Probe  
  20  1:23  Cybernetics Core  
  20  1:33  Nexus  
  20  1:34  Probe  
  21  1:41  Pylon  
  21  1:47  Warp Gate, Probe  
  22  1:50  Assimilator, Adept  
  22  1:59  Probe  
  25  2:08  Stalker  
  25  2:11  Probe  
  28  2:25  Probe  
  28  2:27  Shield Battery  
  29  2:35  Stalker  
  31  2:45  Probe x2  
  31  2:51  Gateway  
  33  2:55  Robotics Facility  
  33  2:59  Probe  
  33  3:01  Probe  
  37  3:12  Pylon  
  35  3:13  Probe x2  
  37  3:22  Pylon  
  38  3:27  Shield Battery  
  38  3:35  Pylon, Stalker  
  38  3:39  Robotics Facility  
  39  3:43  Shield Battery  
  39  3:49  Gateway  
  39  3:59  Cybernetics Core  
  39  4:01  Zealot  
  39  4:14  Pylon  
Show
View Real Time Build Order
Export as new Build Order

Cure Terran - Winner!

Build Orders: 1/1/1, Liberator Opening 

Get SALT Encoding   

  12  0:00  SCV  
  13  0:12  SCV  
  14  0:17  Supply Depot  
  14  0:24  SCV  
  15  0:38  SCV  
  15  0:40  Barracks  
  16  0:46  Refinery  
  16  0:50  SCV  
  16  0:55  Refinery  
  17  1:03  SCV  
  18  1:15  SCV  
  19  1:27  Orbital Command, Marine  
  20  1:33  Factory  
  20  1:45  Barracks Reactor  
  20  1:50  Supply Depot  
  20  1:53  SCV  
  21  2:05  SCV  
  22  2:16  Factory Tech Lab  
  22  2:17  SCV  
  22  2:19  Starport  
  22  2:22  Marine x2  
  25  2:26  Supply Depot  
  25  2:35  Siege Tank  
  28  2:40  Marine  
  28  2:41  Marine  
  30  2:55  Medivac  
  30  2:58  Marine  
  33  2:59  Supply Depot, Marine  
  34  3:10  Siege Tank  
  37  3:16  Marine  
  38  3:21  Supply Depot  
  38  3:29  Marine  
  38  3:33  Marine  
  40  3:35  Liberator  
  43  3:47  Marine  
  44  3:51  Marine  
  44  3:58  Bunker  
  44  4:05  Marine  
  44  4:09  Marine  
Tags
 
Add a new tag
Caveats
  • Supply blocks, unpowered buildings, or Contaminate may cause inaccurate times.
  • Supply counts are checked every 10 seconds.